 Dungeon Sprint DCSS version 0.18-a0-1126-ga2d7f46 (webtiles) character file.

20410 Kidiri the Unseen (level 12, -1/51 HPs)
             Began as a Spriggan Enchanter on Jan 20, 2016.
             Was the Champion of Dithmenos.
             Slain by an anaconda (5 damage)
             ... in the Dungeon (Sprint III: "The Ten Rune Challenge").
             The game lasted 00:14:02 (3046 turns).

Kidiri the Unseen (Spriggan Enchanter)              Turns: 3046, Time: 00:14:02

Health: -1/51      AC:  6    Str:  4    XL:     12   Next: 45%
Magic:  20/32      EV: 32    Int: 19    God:    Dithmenos [******]
Gold:   41         SH:  0    Dex: 19    Spells: 6 memorised, 29 levels left

rFire  . . .     SeeInvis +     a - +1 dagger
rCold  . . .     Gourm    .     b - +1 robe
rNeg   . . .     Faith    .     (shield restricted)
rPois  .         Spirit   .     (helmet restricted)
rElec  .         Dismiss  .     k - +2 cloak
rCorr  .         Reflect  .     (gloves unavailable)
SustAt .         Harm     .     (boots unavailable)
MR     ++...     NoTele   +     (no amulet)
Stlth  ++++++++++               (no ring)
                                (no ring)

@: wreathed by umbra, constricted, very quick, very resistant to hostile
enchantments, uncannily stealthy
A: unfitting armour, claws 1, see invisible, herbivore 3, speed 3, mutation
resistance 1, slow metabolism 2
a: Shadow Step, Shadow Form, Renounce Religion


You were in the Dungeon.
You worshipped Dithmenos.
Dithmenos was exalted by your worship.
You were not hungry.

You visited 1 branch You collected 41 gold pieces.

Inventory:

Hand Weapons
 a - a +1 dagger (weapon)
Missiles
 l - 9 throwing nets (quivered)
Armour
 b - a +1 robe (worn)
 k - a +2 cloak (worn)
Scrolls
 m - a scroll of holy word {unknown}
 n - 2 scrolls of identify {unknown}
 o - 4 scrolls of remove curse
 r - a scroll of torment {unknown}
Potions
 c - a potion of might
 e - a potion of curing
 f - 3 potions of heal wounds
 g - a potion of haste
 h - 2 potions of magic
 i - a potion of berserk rage
 s - 2 potions of cure mutation
 t - 2 potions of flight
Comestibles
 d - 6 fruits
 p - 31 royal jellies


   Skills:
 * Level 14.6 Short Blades
 * Level 18.2 Dodging
 * Level 19.6 Stealth
 * Level 15.6 Spellcasting
 + Level 7.2 Conjurations
 + Level 12.0 Hexes
 + Level 12.1 Translocations
 + Level 8.1 Ice Magic
 - Level 2.7 Invocations


You had 29 spell levels left.
You knew the following spells:

 Your Spells              Type           Power        Failure   Level  Hunger
a - Corona                Hex            ######.      1%          1    None
b - Ensorcelled Hibernat  Hex/Ice        ######       1%          2    None
c - Confuse               Hex            ######..     1%          3    None
d - Tukima's Dance        Hex            ######..     1%          3    None
e - Dazzling Spray        Conj/Hex       ######..     1%          3    None
f - Apportation           Tloc           ######....   1%          1    None


Dungeon Overview and Level Annotations

Branches:
Dungeon (1/1)

Altars:
Cheibriados
Dithmenos
Elyvilon
Fedhas
Gozag
Kikubaaqudgha
Makhleb
Nemelex Xobeh
Okawaru
Pakellas
Qazlal
Ru
Sif Muna
Trog
Vehumet
Xom
Yredelemnul
Zin
The Shining One
Jiyva
Lugonu

Shops:
D ![=

Annotations:
D Lernaean hydra


Innate Abilities, Weirdness & Mutations

You are tiny and cannot use many weapons and most armour.
You have supernaturally acute eyesight.
You are a herbivore.
You cover ground extremely quickly.
You need consume almost no food.
You have sharp fingernails.
You are somewhat resistant to further mutation.


Message History

Confirm with . or Enter, or press ? or * to list all spells.
Aiming: Dazzling Spray
Press: ? - help, Shift-Dir - straight line, f/p - water moccasin
Aim: a water moccasin (heavily wounded, blind, umbra)
The spray of energy hits the water moccasin.
The water moccasin is almost dead.
The water moccasin is dazzled.
The spray of energy hits the anaconda.
The anaconda is moderately wounded.
The spray of energy hits the anaconda.
The anaconda is heavily wounded.
The anaconda barely misses you. x2
The anaconda constricts you. The black mamba bites you. The anaconda bites you!
* * * LOW HITPOINT WARNING * * *
You emit a cloud of dark smoke.
The anaconda misses you.
* * * LOW HITPOINT WARNING * * *
The anaconda constricts you. The black mamba completely misses you.
Your attempt to break free from the anaconda fails, but you feel that another attempt might succeed.
The anaconda is no longer blind.
The anaconda closely misses you. The anaconda bites you.
You die...

.........)...♣♣ ♣...##.##.#≈≈≈≈≈
#############'♣ ♣♣.##.##.##+≈≈≈≈
#≈P...%......♣ ♣..#.##...#≈≈..
.+≈≈.†.########♣♣
♣♣.##.##.)#≈..+
.#≈≈≈..†......PP♣
♣♣.##.#####...#
.#≈≈≈≈P..PP....P♣
♣.....##.....[#
###########'#############+######
#...§SSS....# #.♣♣ #(..S@SS.....
#♣.♣ ###########.. ♣.♣♣ # ♣♣.♣ .
♣.♣♣ D ♣.♣♣ . ♣≈.♣♣#. ♣♣.♣♣.#
♣♣.♣♣≈ ♣♣..♣♣♣


You could see 3 anacondas, 2 black mambas and a water moccasin (blind).

Vanquished Creatures
  Rupert (D)
  Maud (D)
  2 hydras (D)
  Erolcha (D)
  4 death yaks (D)
  A death drake (D)
  A spriggan druid (D)
  A lindwurm (D)
  5 swamp dragons (D)
  A deep elf mage (D)
  2 black mambas (D)
  2 spiny frogs (D)
  A komodo dragon (D)
  A fire drake (D)
  2 giant leeches (D)
  3 wandering mushrooms (D)
  8 blink frogs (D)
  A queen bee (D)
  A shadow (D)
  5 redbacks (D)
  2 spriggans (D)
  2 hill giants (D)
  A spatial vortex (D)
  3 swamp drakes (D)
  A necrophage (D)
  A water elemental (D)
  32 killer bees (D)
  A jelly (D)
  A wizard (D)
  Crazy Yiuf (D)
  Jessica (D)
  A necromancer (D)
  3 humans (D)
  A kobold demonologist (D)
  2 rats (D)
  A plant (D)
98 creatures vanquished.

Vanquished Creatures (collateral kills)
  3 two-headed ogres (D)
3 creatures vanquished.

Vanquished Creatures (others)
  2 draconian scorchers (D)
  2 yaktaurs (D)
  An electric eel (D)
5 creatures vanquished.

Grand Total: 106 creatures vanquished

Notes
Turn   | Place    | Note
--------------------------------------------------------------
     0 | D        | Kidiri the Spriggan Enchanter began the quest for the Orb.
     0 | D        | Reached XP level 1. HP: 9/9 MP: 5/5
    32 | D        | Noticed Jessica
    36 | D        | Killed Jessica
    36 | D        | Reached skill level 6 in Stealth
    36 | D        | Reached XP level 2. HP: 10/13 MP: 6/8
    40 | D        | Learned a level 2 spell: Ensorcelled Hibernation
    69 | D        | Killed a yaktaur
   124 | D        | Reached skill level 5 in Dodging
   124 | D        | Reached XP level 3. HP: 13/16 MP: 5/10
   129 | D        | Learned a level 3 spell: Confuse
   133 | D        | Learned a level 3 spell: Dazzling Spray
   173 | D        | Noticed Crazy Yiuf
   182 | D        | Killed Crazy Yiuf
   182 | D        | Reached skill level 7 in Stealth
   182 | D        | Reached skill level 1 in Ice Magic
   182 | D        | Reached XP level 4. HP: 21/21 MP: 2/11
   194 | D        | Learned a level 3 spell: Tukima's Dance
   212 | D        | Gained mutation: You are somewhat resistant to further mutation. [potion of mutation]
   212 | D        | Gained mutation: You have sharp fingernails. [potion of mutation]
   222 | D        | Killed a white draconian scorcher
   236 | D        | Killed a white draconian scorcher
   258 | D        | Noticed a water elemental
   282 | D        | Killed a water elemental
   282 | D        | Reached skill level 8 in Stealth
   282 | D        | Reached skill level 5 in Spellcasting
   282 | D        | Reached skill level 1 in Conjurations
   282 | D        | Reached skill level 5 in Hexes
   378 | D        | Noticed a shadow
   380 | D        | Killed a shadow
   380 | D        | Reached skill level 9 in Stealth
   380 | D        | Reached XP level 5. HP: 24/24 MP: 12/15
   380 | D        | Reached XP level 6. HP: 28/28 MP: 13/17
   384 | D        | Reached skill level 10 in Stealth
   410 | D        | Found an oddly glowing altar of Pakellas.
   410 | D        | Found a stormy altar of Qazlal.
   411 | D        | Found a sacrificial altar of Ru.
   411 | D        | Found a burning altar of Makhleb.
   411 | D        | Found a viscous altar of Jiyva.
   411 | D        | Found a shimmering altar of Xom.
   411 | D        | Found a shadowy altar of Dithmenos.
   411 | D        | Found a sparkling altar of Nemelex Xobeh.
   411 | D        | Found a corrupted altar of Lugonu.
   411 | D        | Found an opulent altar of Gozag.
   411 | D        | Noticed a spatial vortex
   415 | D        | Became a worshipper of Dithmenos the Shadowed
   425 | D        | Killed a spatial vortex
   425 | D        | Reached skill level 1 in Invocations
   494 | D        | Killed a yaktaur
   546 | D        | Found a radiant altar of Vehumet.
   547 | D        | Found a deep blue altar of Sif Muna.
   547 | D        | Found an ancient bone altar of Kikubaaqudgha.
   550 | D        | Reached * piety under Dithmenos
   562 | D        | Learned a level 1 spell: Apportation
   577 | D        | Found a glowing silver altar of Zin.
   578 | D        | Found a glowing golden altar of the Shining One.
   578 | D        | Found a white marble altar of Elyvilon.
   578 | D        | Noticed a deep elf mage
   580 | D        | Killed a deep elf mage
   580 | D        | Reached skill level 10 in Dodging
   580 | D        | Reached skill level 11 in Stealth
   580 | D        | Reached XP level 7. HP: 32/32 MP: 18/20
   591 | D        | Found an iron altar of Okawaru.
   592 | D        | Found a bloodstained altar of Trog.
   592 | D        | Noticed a human
   592 | D        | Noticed a human
   594 | D        | Killed a human
   594 | D        | Reached skill level 12 in Stealth
   594 | D        | Reached XP level 8. HP: 36/36 MP: 20/22
   595 | D        | Reached ** piety under Dithmenos
   641 | D        | Found a snail-covered altar of Cheibriados.
   642 | D        | Found a basalt altar of Yredelemnul.
   642 | D        | Found a blossoming altar of Fedhas.
   888 | D        | Reached *** piety under Dithmenos
  1205 | D        | Noticed Erolcha
  1207 | D        | Killed Erolcha
  1207 | D        | Reached **** piety under Dithmenos
  1207 | D        | Reached skill level 13 in Stealth
  1207 | D        | Reached skill level 10 in Spellcasting
  1207 | D        | Reached skill level 5 in Translocations
  1207 | D        | Reached XP level 9. HP: 39/39 MP: 22/24
  1222 | D        | Reached skill level 5 in Ice Magic
  1224 | D        | Reached skill level 10 in Short Blades
  1224 | D        | Reached skill level 14 in Stealth
  1321 | D        | Noticed a queen bee
  1340 | D        | Reached ***** piety under Dithmenos
  1586 | D        | Reached ****** piety under Dithmenos
  1936 | D        | Killed a queen bee
  1963 | D        | Reached XP level 10. HP: 44/44 MP: 10/26
  1965 | D        | Reached skill level 15 in Stealth
  2138 | D        | Reached skill level 5 in Conjurations
  2214 | D        | Noticed a spiny frog
  2214 | D        | Noticed a spiny frog
  2220 | D        | Killed a spiny frog
  2222 | D        | Killed a spiny frog
  2261 | D        | Reached skill level 16 in Stealth
  2266 | D        | Noticed a lindwurm
  2270 | D        | Killed a lindwurm
  2278 | D        | Noticed Maud
  2280 | D        | Killed Maud
  2280 | D        | Reached skill level 15 in Dodging
  2280 | D        | Reached skill level 10 in Hexes
  2280 | D        | Reached XP level 11. HP: 47/47 MP: 16/29
  2351 | D        | Noticed an eight-headed hydra
  2351 | D        | Noticed an eight-headed hydra
  2353 | D        | Killed an eight-headed hydra
  2353 | D        | Reached skill level 17 in Stealth
  2354 | D        | Killed an eight-headed hydra
  2364 | D        | Noticed a death drake
  2366 | D        | Killed a death drake
  2366 | D        | Reached skill level 10 in Translocations
  2373 | D        | Found a blossoming altar of Fedhas.
  2375 | D        | Noticed a spriggan druid
  2377 | D        | Killed a spriggan druid
  2434 | D        | Noticed a swamp dragon
  2436 | D        | Noticed a swamp dragon
  2436 | D        | Noticed a swamp dragon
  2436 | D        | Noticed a swamp dragon
  2436 | D        | Found Wiogih's Distillery.
  2436 | D        | Found Raetanto's Antique Armour Shop.
  2436 | D        | Found Nugaw's Jewellery Shoppe.
  2437 | D        | Killed a swamp dragon
  2439 | D        | Killed a swamp dragon
  2440 | D        | Killed a swamp dragon
  2440 | D        | Reached skill level 18 in Stealth
  2443 | D        | Killed a swamp dragon
  2726 | D        | Noticed a swamp dragon
  2728 | D        | Killed a swamp dragon
  2746 | D        | Noticed an eight-headed hydra
  2746 | D        | Noticed the 27-headed Lernaean hydra
  2881 | D        | Noticed Rupert
  2886 | D        | Killed Rupert
  2886 | D        | Reached skill level 19 in Stealth
  2886 | D        | Reached skill level 15 in Spellcasting
  2886 | D        | Reached XP level 12. HP: 51/51 MP: 26/32
  2893 | D        | Noticed a death yak
  2894 | D        | Noticed a death yak
  2894 | D        | Noticed an azure jelly
  2894 | D        | Noticed a death yak
  2894 | D        | Noticed an azure jelly
  2894 | D        | Noticed a death yak
  2895 | D        | Killed a death yak
  2896 | D        | Killed a death yak
  2899 | D        | Killed a death yak
  2901 | D        | Killed a death yak
  3039 | D        | Noticed an anaconda
  3040 | D        | Noticed an anaconda
  3040 | D        | Noticed an anaconda
  3046 | D        | Slain by an anaconda

Vault maps used:
D:        dungeon_sprint_mu

Action                   |  1- 3 |  4- 6 |  7- 9 | 10-12 || total
-------------------------+-------+-------+-------+-------++-------
Melee: Dagger            |    15 |    15 |   121 |   314 ||   465
Throw: Throwing net      |       |       |       |     1 ||     1
 Cast: Ensorcelled Hiber |     6 |       |    26 |    21 ||    53
       Corona            |     1 |       |       |       ||     1
       Dazzling Spray    |       |     8 |    13 |     7 ||    28
       Tukima's Dance    |       |       |     9 |       ||     9
       Confuse           |       |       |     2 |     2 ||     4
       Apportation       |       |       |       |     1 ||     1
Invok: Shadow Step       |       |       |     2 |    16 ||    18
  Use: Potion            |     1 |     4 |     1 |       ||     6
       Scroll            |       |       |       |     1 ||     1
 Stab: Sleeping          |     3 |     5 |    22 |    43 ||    73
       Distracted        |       |       |     1 |       ||     1
  Eat: Bread ration      |       |       |     1 |       ||     1
